Remparts vs Inferno
(R1)
Created - November 4, 2018 at 19:15
Goals
|
| Remparts |
1 |
2 |
2 |
5 |
| Inferno |
3 |
2 |
4 |
9 |
|
Shots
|
| Remparts |
12 |
15 |
8 |
35 |
| Inferno |
10 |
10 |
23 |
43 |
|
1st period
1. Inferno , Victor Rask 1 (Christian Folin 7, Matthew Nieto 2) at 3:32
2. Inferno , Vladimir Sobotka 6 (Kyle Palmieri 8, Tanner Pearson 4) at 3:46
3. Inferno , Matt Kassian 5 (Bryan Rust 4, Philip Varone 6) at 16:20
4. Remparts , Max Reinhart 2 (Guillaume Desbiens 8, Niklas Hansson 2) at 16:40
Penalties :
Tyler Shattock (Anc) for Tripping (Minor) at 0:53, Greg Pateryn (Anc) for Hooking (Minor) at 7:15, Niklas Hansson (Que) for Hooking (Minor) at 7:20, David Savard (Anc) for Hooking (Minor) at 17:01
2nd period
5. Remparts , Daniel Paille 5 (Ryan Strome 6, Erik Gustafsson 3) at 4:30
6. Remparts , Pontus Aberg 5 (Max Reinhart 7, Guillaume Desbiens 9) at 6:35
7. Inferno , Matt Kassian 6 (Philip Varone 7, Bryan Rust 5) at 19:07
8. Inferno , Kyle Palmieri 6 (Tanner Pearson 5, Victor Rask 5) at 19:45 (PP)
Penalties :
Erik Gustafsson (Que) for Holding (Minor) at 0:15, Greg Pateryn (Anc) for Hooking (Minor) at 10:39, Niklas Hansson (Que) for Goalie Interference (Minor) at 19:41
3rd period
9. Remparts , Daniel Paille 6 (Brandon Mashinter 8) at 6:03 (PP)
10. Inferno , Philip Varone 4 (Matt Kassian 3, Christian Folin 8) at 9:44
11. Inferno , Matthew Nieto 3 (Greg Pateryn 4, Ryan Spooner 3) at 12:30 (PP)
12. Inferno , Philip Varone 5 (Matt Kassian 4) at 15:47 (SH)
13. Inferno , Matthew Nieto 4 (Colby Robak 4, Bryan Rust 6) at 17:36 (PP)
14. Remparts , Max Reinhart 3 (Guillaume Desbiens 10) at 18:11 (PP)
Penalties :
Niklas Hansson (Que) for Holding (Minor) at 1:47, David Savard (Anc) for Roughing (Minor) at 5:34, Viktor Baldayev (Que) for High sticking (Minor) at 11:49, Ryan Spooner (Anc) for Hooking (Minor) at 15:16, Michal Jordan (Que) for Hooking (Minor) at 16:11, Kyle Palmieri (Anc) for Interference (Minor) at 17:53, Vladimir Sobotka (Anc) for Slashing (Minor) at 17:58
Goalie Stats
Tyler Plante (Que), 15 saves from 20 shots - (0.750), 39:45 minutes
Jason Missiaen (Que), 19 saves from 23 shots - (0.826), L, 4-4-0, 20:15 minutes
Christopher Gibson (Anc), 30 saves from 35 shots - (0.857), W, 5-3-0, 60:00 minutes
Players Stats for Remparts
Player Name G A P +/- PIM S H SB GA TA FO MP PP MP PK MP
------------------------------------------------------------------------------------
Brandon Mashinter 0 1 1 -1 0 1 1 3 1 2 2/11 17:12 4:04 1:46
Chris Mueller 0 0 0 -1 0 0 0 1 0 0 1/3 9:24 0:00 0:00
Daniel Paille 2 0 2 -1 0 3 4 1 1 0 0/0 15:34 4:04 1:11
Erik Gustafsson 0 1 1 -2 2 5 1 1 0 1 0/0 27:13 5:12 0:51
Griffin Reinhart 0 0 0 2 0 0 0 1 0 0 0/0 19:46 3:33 1:22
Guillaume Desbiens 0 3 3 0 0 5 4 0 1 0 1/3 23:36 5:26 2:40
Justin Williams 0 0 0 -1 0 2 0 0 1 0 0/1 8:52 0:00 0:00
Juuso Ikonen 0 0 0 -1 0 1 1 0 0 0 0/0 10:21 0:00 1:16
Keaton Thompson 0 0 0 -3 0 0 1 1 0 0 0/0 11:02 0:45 0:32
Max Reinhart 2 1 3 0 0 7 2 0 0 0 24/46 23:43 5:26 2:41
Michal Jordan 0 0 0 -2 2 1 1 0 1 1 0/0 29:27 5:11 3:14
Mitchell Heard 0 0 0 -1 0 3 2 0 0 0 4/5 9:41 0:00 0:42
Nail Yakupov 0 0 0 -1 0 1 1 1 0 0 1/1 9:24 0:00 0:00
Niklas Hansson 0 1 1 2 6 0 0 0 1 1 0/0 19:20 3:32 2:02
Pontus Aberg 1 0 1 0 0 6 1 0 1 1 1/4 19:01 5:26 0:00
Roberts Lipsbergs 0 0 0 -1 0 0 1 0 0 0 0/0 9:24 0:00 0:00
Ryan Strome 0 1 1 -1 0 0 1 1 0 0 2/3 15:22 4:04 0:02
Viktor Baldayev 0 0 0 -3 2 0 1 0 0 0 0/0 13:25 0:45 2:17
Players Stats for Inferno
Player Name G A P +/- PIM S H SB GA TA FO MP PP MP PK MP
------------------------------------------------------------------------------------
Bryan Rust 0 3 3 3 0 3 2 1 0 0 0/1 19:59 2:08 5:21
Christian Folin 0 2 2 0 0 5 1 0 0 0 0/0 16:41 2:48 0:33
Colby Robak 0 1 1 1 0 1 2 1 2 2 0/0 27:46 2:21 5:22
David Savard 0 0 0 1 4 3 2 0 1 1 0/0 25:53 0:21 3:55
Esa Lindell 0 0 0 2 0 1 0 2 1 1 0/0 14:25 2:43 1:48
Greg Pateryn 0 1 1 2 4 0 1 0 0 0 0/0 15:44 2:05 2:52
Kyle Palmieri 1 1 2 -2 2 5 2 1 0 0 4/5 18:17 2:54 0:00
Luca Sbisa 0 0 0 0 0 0 0 1 0 1 1/1 6:43 0:00 0:00
Mathieu Brodeur 0 0 0 0 0 3 1 1 0 0 0/0 20:34 0:05 4:30
Matt Kassian 2 2 4 4 0 3 2 0 0 1 0/3 14:33 0:00 2:55
Matthew Nieto 2 1 3 1 0 3 3 0 0 0 0/0 13:06 2:08 1:57
Oliver Bjorkstrand 0 0 0 0 0 0 0 0 0 0 0/0 6:43 0:00 0:00
Philip Varone 2 2 4 4 0 6 1 0 0 0 8/17 15:16 0:00 3:08
Ryan Spooner 0 1 1 0 2 1 2 0 0 0 0/2 8:47 2:10 0:00
Tanner Pearson 0 2 2 -2 0 2 1 1 0 1 2/2 19:28 3:01 0:20
Tyler Shattock 0 0 0 1 2 1 0 0 0 0 0/0 8:53 0:00 0:00
Victor Rask 1 1 2 1 0 2 3 0 1 0 5/7 12:32 2:54 0:17
Vladimir Sobotka 1 0 1 -2 2 4 1 0 1 0 21/39 21:51 0:07 4:48
3 Stars
1 - Matt Kassian (Anc)
2 - Philip Varone (Anc)
3 - Matthew Nieto (Anc)
Power Play
Remparts - 2 on 8 Attempt(s) - 25.00%
Inferno - 3 on 6 Attempt(s) - 50.00%
Penalty Kill
Remparts - 3 on 6 Attempt(s) - 50.00%
- Score 0 goal in Penalty Kill
Inferno - 6 on 8 Attempt(s) - 75.00%
- Score 1 goal in Penalty Kill
Team Stat
Remparts - Hits : 22 - Faceoff Wins : 36 - Blocked Shots : 10 - Penalty Minutes : 12
Inferno - Hits : 24 - Faceoff Wins : 41 - Blocked Shots : 8 - Penalty Minutes : 16
Official
Referees : Unknown
Linesman : Unknown
Game Notes
3:32 of 1st period - Inferno goal is going for a video replay. After video review, Goal.
Jason Missiaen enters game at 19:45 of 2nd period
Finance
Level 1 -- Attendance: 1426 (71.30%) -- Ticket Income $57,040
Level 2 -- Attendance: 708 (70.80%) -- Ticket Income $14,160
Total Attendance: 2134 (71.13%)
Total Ticket Income: $71,200
Other Income: $3,560
Total Income: $74,760
Remparts
5 vs 5 Forward
Center Left Wing Right Wing Time % Phy DF OF
1 Max Reinhart Pontus Aberg Guillaume Desbiens 40 1 2 2
2 Brandon Mashinter Daniel Paille Ryan Strome 30 1 2 2
3 Chris Mueller Roberts Lipsbergs Nail Yakupov 20 1 2 2
4 Mitchell Heard Juuso Ikonen Justin Williams 10 1 2 2
5 vs 5 Defense
Defense Defense Time % Phy DF OF
1 Michal Jordan Erik Gustafsson 40 1 2 2
2 Niklas Hansson Griffin Reinhart 30 1 2 2
3 Keaton Thompson Viktor Baldayev 20 1 2 2
4 Michal Jordan Erik Gustafsson 10 1 2 2
PowerPlay Forward
Center Left Wing Right Wing Time % Phy DF OF
1 Max Reinhart Pontus Aberg Guillaume Desbiens 60 1 2 2
2 Brandon Mashinter Daniel Paille Ryan Strome 40 1 2 2
PowerPlay Defense
Defense Defense Time % Phy DF OF
1 Michal Jordan Erik Gustafsson 60 1 2 2
2 Griffin Reinhart Niklas Hansson 40 1 2 2
Penalty Kill 4 Players Forward
Center Wing Time % Phy DF OF
1 Max Reinhart Guillaume Desbiens 60 1 2 2
2 Brandon Mashinter Daniel Paille 40 1 2 2
Penalty Kill 4 Players Defense
Defense Defense Time % Phy DF OF
1 Michal Jordan Niklas Hansson 60 1 2 2
2 Griffin Reinhart Erik Gustafsson 40 1 2 2
Penalty Kill - 3 Players Forward
Forward Time % Phy DF OF
1 Max Reinhart 60 1 2 2
2 Daniel Paille 40 1 2 2
Penalty Kill - 3 Players Defense
Defense Defense Time % Phy DF OF
1 Michal Jordan Niklas Hansson 60 1 2 2
2 Griffin Reinhart Erik Gustafsson 40 1 2 2
4 vs 4 Forward
Center Wing Time % Phy DF OF
1 Max Reinhart Guillaume Desbiens 60 1 2 2
2 Brandon Mashinter Ryan Strome 40 1 2 2
4 vs 4 Defense
Defense Defense Time % Phy DF OF
1 Michal Jordan Erik Gustafsson 60 1 2 2
2 Niklas Hansson Griffin Reinhart 40 1 2 2
Last Minutes Offensive
Center Left Wing Right Wing Defense Defense
Max Reinhart Pontus Aberg Guillaume Desbiens Michal Jordan Erik Gustafsson
Last Minutes Defensive
Center Left Wing Right Wing Defense Defense
Max Reinhart Daniel Paille Guillaume Desbiens Michal Jordan Niklas Hansson
Goaltenders
Starting : Tyler Plante
Backup : Jason Missiaen
Extra Forwards
Normal : Ryan Strome, Pontus Aberg, Max Reinhart - PP : Nail Yakupov, Ryan Strome - PK : Brandon Mashinter
Extra Defensemen
Normal : Griffin Reinhart, Erik Gustafsson, Michal Jordan - PP : Griffin Reinhart - PK : Erik Gustafsson, Michal Jordan
Penalty Shots
Daniel Paille, Ryan Strome, Justin Williams, Brandon Mashinter, Pontus Aberg
Scratches
Michael Downing (Healthy), Kyle Platzer (Healthy), Connor Honey (Healthy), Brandon Gormley (Broken Ribs Injury), Anton Zlobin (Healthy)
Tim Bozon (Healthy), Igor Bobkov (Healthy), François Brassard (Healthy)
Inferno
5 vs 5 Forward
Center Left Wing Right Wing Time % Phy DF OF
1 Vladimir Sobotka Tanner Pearson Kyle Palmieri 40 1 2 2
2 Philip Varone Matt Kassian Bryan Rust 30 1 2 2
3 Victor Rask Matthew Nieto Tyler Shattock 20 1 2 2
4 Ryan Spooner Luca Sbisa Oliver Bjorkstrand 10 1 2 2
5 vs 5 Defense
Defense Defense Time % Phy DF OF
1 Colby Robak David Savard 40 1 2 2
2 Mathieu Brodeur Christian Folin 30 1 2 2
3 Esa Lindell Greg Pateryn 20 1 2 2
4 Mathieu Brodeur David Savard 10 1 2 2
PowerPlay Forward
Center Left Wing Right Wing Time % Phy DF OF
1 Victor Rask Tanner Pearson Kyle Palmieri 60 1 2 2
2 Ryan Spooner Matthew Nieto Bryan Rust 40 1 2 2
PowerPlay Defense
Defense Defense Time % Phy DF OF
1 Esa Lindell Christian Folin 60 1 2 2
2 Colby Robak Greg Pateryn 40 1 2 2
Penalty Kill 4 Players Forward
Center Wing Time % Phy DF OF
1 Vladimir Sobotka Bryan Rust 60 1 2 2
2 Philip Varone Matt Kassian 40 1 2 2
Penalty Kill 4 Players Defense
Defense Defense Time % Phy DF OF
1 Colby Robak David Savard 60 1 2 2
2 Mathieu Brodeur Greg Pateryn 40 1 2 2
Penalty Kill - 3 Players Forward
Forward Time % Phy DF OF
1 Vladimir Sobotka 60 1 2 2
2 Bryan Rust 40 1 2 2
Penalty Kill - 3 Players Defense
Defense Defense Time % Phy DF OF
1 Greg Pateryn David Savard 60 1 2 2
2 Mathieu Brodeur Greg Pateryn 40 1 2 2
4 vs 4 Forward
Center Wing Time % Phy DF OF
1 Vladimir Sobotka Tanner Pearson 60 1 2 2
2 Victor Rask Kyle Palmieri 40 1 2 2
4 vs 4 Defense
Defense Defense Time % Phy DF OF
1 Colby Robak David Savard 60 1 2 2
2 Mathieu Brodeur Christian Folin 40 1 2 2
Last Minutes Offensive
Center Left Wing Right Wing Defense Defense
Vladimir Sobotka Tanner Pearson Kyle Palmieri Colby Robak David Savard
Last Minutes Defensive
Center Left Wing Right Wing Defense Defense
Vladimir Sobotka Matt Kassian Bryan Rust Colby Robak David Savard
Goaltenders
Starting : Christopher Gibson
Backup : Michael Hutchinson
Extra Forwards
Normal : Bryan Rust, Kyle Palmieri, Matthew Nieto - PP : Tanner Pearson, Bryan Rust - PK : Matt Kassian
Extra Defensemen
Normal : Christian Folin, Greg Pateryn, Mathieu Brodeur - PP : Greg Pateryn - PK : Mathieu Brodeur, Greg Pateryn
Penalty Shots
Philip Varone, Tanner Pearson, Oliver Bjorkstrand, Victor Rask, Kyle Palmieri
Scratches
Anders Lee (Healthy), Chris Brown (Healthy), Frank Corrado (Healthy), Joakim Nordstrom (Healthy), Trevor Carrick (Healthy)
Petteri Lindbohm (Healthy), Daniil Tarasov (Healthy), Peter Cehlarik (Healthy), John Gilmour (Healthy), Branden Troock (Healthy)
Simon Danis-Pepin (Healthy), Nathan Lieuwen (Healthy)
% Time on Ice - Remparts
Lines # - Real PCT - Wanted PCT - Time Play
Normal Forward
1 - 33% - 40% - 13:54
2 - 24% - 30% - 10:13
3 - 22% - 20% - 9:24
4 - 21% - 10% - 8:52
Normal Defense
1 - 42% - 40% - 17:59
2 - 31% - 30% - 13:00
3 - 22% - 20% - 9:28
4 - 5% - 10% - 1:56
PP Forward
1 - 57% - 60% - 5:26
2 - 43% - 40% - 4:04
PP Defense
1 - 55% - 60% - 5:12
2 - 45% - 40% - 4:18
PK Forward
1 - 77% - 60% - 3:57
2 - 23% - 40% - 1:12
PK Defense
1 - 73% - 60% - 3:47
2 - 27% - 40% - 1:22
PK3 Forward
1 - 0% - 60%
2 - 0% - 40%
PK3 Defense
1 - 0% - 60%
2 - 0% - 40%
44 Forward
1 - 65% - 60% - 1:55
2 - 35% - 40% - 1:03
44 Defense
1 - 57% - 60% - 1:42
2 - 43% - 40% - 1:16
Last Minute Offensive - 0:00
Last Minute Defensive - 0:00
Total
Forward - 60:00
Defense - 60:00
|
% Time on Ice - Inferno
Lines # - Real PCT - Wanted PCT - Time Play
Normal Forward
1 - 36% - 40% - 15:26
2 - 28% - 30% - 11:43
3 - 20% - 20% - 8:31
4 - 16% - 10% - 6:43
Normal Defense
1 - 41% - 40% - 17:20
2 - 33% - 30% - 14:02
3 - 21% - 20% - 8:53
4 - 5% - 10% - 2:08
PP Forward
1 - 60% - 60% - 3:06
2 - 40% - 40% - 2:03
PP Defense
1 - 60% - 60% - 3:04
2 - 40% - 40% - 2:05
PK Forward
1 - 85% - 60% - 7:55
2 - 15% - 40% - 1:22
PK Defense
1 - 64% - 60% - 5:55
2 - 36% - 40% - 3:22
PK3 Forward
1 - 100% - 60% - 0:13
2 - 0% - 40% - 0:00
PK3 Defense
1 - 100% - 60% - 0:13
2 - 0% - 40% - 0:00
44 Forward
1 - 69% - 60% - 2:02
2 - 31% - 40% - 0:56
44 Defense
1 - 74% - 60% - 2:12
2 - 26% - 40% - 0:46
Last Minute Offensive - 0:00
Last Minute Defensive - 0:00
Total
Forward - 60:00
Defense - 60:00
|
Play by Play
1st period
0:01 of 1st period - Vladimir Sobotka wins face-off versus Max Reinhart in neutral zone.
0:10 of 1st period - Backhand shot by Max Reinhart.
0:10 of 1st period - Stopped by Christopher Gibson without a rebound.
0:11 of 1st period - Philip Varone wins face-off versus Brandon Mashinter in Inferno zone.
0:19 of 1st period - Icing by Niklas Hansson.
0:20 of 1st period - Philip Varone wins face-off versus Brandon Mashinter in Remparts zone.
0:23 of 1st period - Wrist shot by Philip Varone.
0:23 of 1st period - Shot Blocked by Brandon Mashinter.
0:35 of 1st period - Bryan Rust is hit by Daniel Paille and loses puck.
0:42 of 1st period - Wrist shot by Brandon Mashinter.
0:42 of 1st period - Stopped by Christopher Gibson with a rebound.
0:44 of 1st period - Snap shot by Ryan Strome.
0:44 of 1st period - Shot Misses the Net.
0:48 of 1st period - Wrist shot by Daniel Paille.
0:48 of 1st period - Deflect By Ryan Strome.
0:48 of 1st period - Shot Misses the Net.
0:48 of 1st period - Puck is out of play.
0:49 of 1st period - Nail Yakupov wins face-off versus Victor Rask in Inferno zone.
0:53 of 1st period - Minor Penalty to Tyler Shattock for Tripping.
0:54 of 1st period - Max Reinhart wins face-off versus Vladimir Sobotka in Inferno zone.
1:08 of 1st period - Snap shot by Pontus Aberg.
1:08 of 1st period - Shot Misses the Net.
1:10 of 1st period - Snap shot by Pontus Aberg.
1:10 of 1st period - Stopped by Christopher Gibson without a rebound.
1:11 of 1st period - Philip Varone wins face-off versus Brandon Mashinter in Inferno zone.
2:53 of 1st period - Penalty to Tyler Shattock is over, Tyler Shattock is back on ice.
3:21 of 1st period - Viktor Baldayev is hit by Colby Robak and loses puck.
3:30 of 1st period - Slapshot by Christian Folin.
3:30 of 1st period - Shot Blocked by Keaton Thompson.
3:32 of 1st period - Snap shot by Victor Rask.
3:32 of 1st period - Inferno goal is going for a video replay.
3:32 of 1st period - The goal is good.
3:32 of 1st period - Goal by Victor Rask - Remparts : 0 - Inferno : 1.
3:33 of 1st period - Vladimir Sobotka wins face-off versus Pontus Aberg in neutral zone.
3:44 of 1st period - Snap shot by Vladimir Sobotka.
3:44 of 1st period - Deflect By Tanner Pearson.
3:44 of 1st period - Stopped by Tyler Plante with a rebound.
3:46 of 1st period - Snap shot by Kyle Palmieri.
3:46 of 1st period - Deflect By Vladimir Sobotka.
3:46 of 1st period - Goal by Vladimir Sobotka - Remparts : 0 - Inferno : 2.
3:47 of 1st period - Kyle Palmieri wins face-off versus Max Reinhart in neutral zone.
3:50 of 1st period - Max Reinhart is hit by Vladimir Sobotka and loses puck.
4:34 of 1st period - Wrist shot by Vladimir Sobotka.
4:34 of 1st period - Shot Misses the Net.
4:44 of 1st period - Wrist shot by Kyle Palmieri.
4:44 of 1st period - Shot Blocked by Nail Yakupov.
4:46 of 1st period - Slapshot by Vladimir Sobotka.
4:46 of 1st period - Stopped by Tyler Plante without a rebound.
4:47 of 1st period - Pontus Aberg wins face-off versus Philip Varone in Remparts zone.
5:13 of 1st period - Daniel Paille is hit by Colby Robak.
6:17 of 1st period - Christian Folin is hit by Guillaume Desbiens and loses puck.
6:32 of 1st period - Snap shot by Daniel Paille.
6:32 of 1st period - Shot Misses the Net.
6:34 of 1st period - Snap shot by Erik Gustafsson.
6:34 of 1st period - Stopped by Christopher Gibson with a rebound.
6:36 of 1st period - Wrist shot by Erik Gustafsson.
6:36 of 1st period - Shot Blocked by Kyle Palmieri.
6:38 of 1st period - Slapshot by Brandon Mashinter.
6:38 of 1st period - Shot Misses the Net.
7:15 of 1st period - Minor Penalty to Greg Pateryn for Hooking.
7:16 of 1st period - Vladimir Sobotka wins face-off versus Max Reinhart in Inferno zone.
7:20 of 1st period - Minor Penalty to Niklas Hansson for Hooking.
7:21 of 1st period - Vladimir Sobotka wins face-off versus Max Reinhart in Remparts zone.
8:00 of 1st period - Ryan Strome is hit by Victor Rask and loses puck.
8:05 of 1st period - Backhand shot by Victor Rask.
8:05 of 1st period - Stopped by Tyler Plante with a rebound.
8:07 of 1st period - Wrist shot by Kyle Palmieri.
8:07 of 1st period - Stopped by Tyler Plante with a rebound.
8:09 of 1st period - Slapshot by David Savard.
8:09 of 1st period - Deflect By Kyle Palmieri.
8:09 of 1st period - Shot Blocked by Griffin Reinhart.
8:09 of 1st period - Puck is out of play.
8:10 of 1st period - Max Reinhart wins face-off versus Vladimir Sobotka in Remparts zone.
8:35 of 1st period - Snap shot by Ryan Strome.
8:35 of 1st period - Shot Misses the Net.
8:59 of 1st period - Max Reinhart is hit by Kyle Palmieri and loses puck.
9:15 of 1st period - Penalty to Greg Pateryn is over, Greg Pateryn is back on ice.
9:20 of 1st period - Penalty to Niklas Hansson is over, Niklas Hansson is back on ice.
9:24 of 1st period - Slapshot by Erik Gustafsson.
9:24 of 1st period - Shot Blocked by Mathieu Brodeur.
9:26 of 1st period - Slapshot by Erik Gustafsson.
9:26 of 1st period - Stopped by Christopher Gibson without a rebound.
9:27 of 1st period - Victor Rask wins face-off versus Brandon Mashinter in Inferno zone.
9:52 of 1st period - Philip Varone is hit by Roberts Lipsbergs and loses puck.
10:14 of 1st period - Slapshot by David Savard.
10:14 of 1st period - Shot Misses the Net.
10:16 of 1st period - Slapshot by David Savard.
10:16 of 1st period - Stopped by Tyler Plante without a rebound.
10:17 of 1st period - Tanner Pearson wins face-off versus Max Reinhart in Remparts zone.
10:25 of 1st period - Off-side.
10:26 of 1st period - Vladimir Sobotka wins face-off versus Guillaume Desbiens in neutral zone.
10:26 of 1st period - Tanner Pearson is hit by Erik Gustafsson and loses puck.
10:57 of 1st period - Bryan Rust is hit by Guillaume Desbiens and loses puck.
11:02 of 1st period - Snap shot by Guillaume Desbiens.
11:02 of 1st period - Stopped by Christopher Gibson with a rebound.
11:04 of 1st period - Wrist shot by Pontus Aberg.
11:04 of 1st period - Stopped by Christopher Gibson with a rebound.
11:24 of 1st period - Snap shot by Guillaume Desbiens.
11:24 of 1st period - Stopped by Christopher Gibson without a rebound.
11:25 of 1st period - Brandon Mashinter wins face-off versus Vladimir Sobotka in Inferno zone.
11:32 of 1st period - Snap shot by Ryan Strome.
11:32 of 1st period - Shot Blocked by Tanner Pearson.
11:59 of 1st period - Slapshot by Colby Robak.
11:59 of 1st period - Shot Blocked by Chris Mueller.
12:59 of 1st period - Matthew Nieto is hit by Viktor Baldayev and loses puck.
13:38 of 1st period - Erik Gustafsson is hit by Ryan Spooner and loses puck.
13:43 of 1st period - Slapshot by Colby Robak.
13:43 of 1st period - Stopped by Tyler Plante without a rebound.
13:44 of 1st period - Chris Mueller wins face-off versus Philip Varone in Remparts zone.
13:44 of 1st period - Chris Mueller is hit by Philip Varone.
14:15 of 1st period - Backhand shot by Kyle Palmieri.
14:15 of 1st period - Stopped by Tyler Plante without a rebound.
14:16 of 1st period - Kyle Palmieri wins face-off versus Brandon Mashinter in Remparts zone.
14:41 of 1st period - Bryan Rust is hit by Max Reinhart and loses puck.
15:10 of 1st period - Michal Jordan is hit by Ryan Spooner and loses puck.
15:25 of 1st period - Christian Folin is hit by Mitchell Heard and loses puck.
16:01 of 1st period - Ryan Strome is hit by Kyle Palmieri and loses puck.
16:18 of 1st period - Snap shot by Matt Kassian.
16:18 of 1st period - Shot Misses the Net.
16:20 of 1st period - Slapshot by Matt Kassian.
16:20 of 1st period - Goal by Matt Kassian - Remparts : 0 - Inferno : 3.
16:21 of 1st period - Vladimir Sobotka wins face-off versus Max Reinhart in neutral zone.
16:30 of 1st period - Slapshot by Guillaume Desbiens.
16:30 of 1st period - Stopped by Christopher Gibson without a rebound.
16:31 of 1st period - Vladimir Sobotka wins face-off versus Max Reinhart in Inferno zone.
16:38 of 1st period - Slapshot by Guillaume Desbiens.
16:38 of 1st period - Shot Misses the Net.
16:40 of 1st period - Snap shot by Max Reinhart.
16:40 of 1st period - Goal by Max Reinhart - Remparts : 1 - Inferno : 3.
16:41 of 1st period - Max Reinhart wins face-off versus Vladimir Sobotka in neutral zone.
16:48 of 1st period - Snap shot by Guillaume Desbiens.
16:48 of 1st period - Deflect By Pontus Aberg.
16:48 of 1st period - Stopped by Christopher Gibson with a rebound.
16:50 of 1st period - Slapshot by Erik Gustafsson.
16:50 of 1st period - Shot Blocked by Colby Robak.
16:52 of 1st period - Slapshot by Michal Jordan.
16:52 of 1st period - Deflect By Guillaume Desbiens.
16:52 of 1st period - Shot Misses the Net.
16:52 of 1st period - Puck is out of play.
16:53 of 1st period - Max Reinhart wins face-off versus Vladimir Sobotka in Inferno zone.
17:01 of 1st period - Minor Penalty to David Savard for Hooking.
17:02 of 1st period - Max Reinhart wins face-off versus Bryan Rust in Inferno zone.
17:02 of 1st period - Snap shot by Guillaume Desbiens.
17:02 of 1st period - Stopped by Christopher Gibson with a rebound.
17:04 of 1st period - Snap shot by Guillaume Desbiens.
17:04 of 1st period - Deflect By Max Reinhart.
17:04 of 1st period - Shot Misses the Net.
17:04 of 1st period - Puck is out of play.
17:05 of 1st period - Vladimir Sobotka wins face-off versus Max Reinhart in Inferno zone.
19:01 of 1st period - Penalty to David Savard is over, David Savard is back on ice.
19:28 of 1st period - Griffin Reinhart is hit by Mathieu Brodeur and loses puck.
19:45 of 1st period - Viktor Baldayev is hit by Matthew Nieto.
19:48 of 1st period - Off-side.
19:49 of 1st period - Victor Rask wins face-off versus Mitchell Heard in neutral zone.
19:55 of 1st period - Off-side.
19:56 of 1st period - Mitchell Heard wins face-off versus Philip Varone in neutral zone.
Goals for this period are 1 for Remparts vs 3 for Inferno.
Shots for this period are 12 for Remparts vs 10 for Inferno.
2nd period
0:01 of 2nd period - Vladimir Sobotka wins face-off versus Max Reinhart in neutral zone.
0:08 of 2nd period - Slapshot by Vladimir Sobotka.
0:08 of 2nd period - Shot Misses the Net.
0:15 of 2nd period - Minor Penalty to Erik Gustafsson for Holding.
0:16 of 2nd period - Victor Rask wins face-off versus Max Reinhart in Remparts zone.
0:18 of 2nd period - Slapshot by Esa Lindell.
0:18 of 2nd period - Stopped by Tyler Plante with a rebound.
2:15 of 2nd period - Penalty to Erik Gustafsson is over, Erik Gustafsson is back on ice.
3:14 of 2nd period - Vladimir Sobotka is hit by Guillaume Desbiens and loses puck.
3:40 of 2nd period - Ryan Spooner is hit by Mitchell Heard.
3:41 of 2nd period - Icing by Ryan Spooner.
3:42 of 2nd period - Mitchell Heard wins face-off versus Ryan Spooner in Inferno zone.
3:51 of 2nd period - Wrist shot by Justin Williams.
3:51 of 2nd period - Deflect By Mitchell Heard.
3:51 of 2nd period - Stopped by Christopher Gibson with a rebound.
3:53 of 2nd period - Wrist shot by Mitchell Heard.
3:53 of 2nd period - Shot Blocked by Luca Sbisa.
4:03 of 2nd period - Wrist shot by Bryan Rust.
4:03 of 2nd period - Stopped by Tyler Plante with a rebound.
4:12 of 2nd period - Slapshot by Pontus Aberg.
4:12 of 2nd period - Shot Misses the Net.
4:21 of 2nd period - Philip Varone is hit by Daniel Paille and loses puck.
4:30 of 2nd period - Snap shot by Daniel Paille.
4:30 of 2nd period - Goal by Daniel Paille - Remparts : 2 - Inferno : 3.
4:31 of 2nd period - Guillaume Desbiens wins face-off versus Vladimir Sobotka in neutral zone.
4:34 of 2nd period - Wrist shot by Max Reinhart.
4:34 of 2nd period - Stopped by Christopher Gibson without a rebound.
4:35 of 2nd period - Kyle Palmieri wins face-off versus Max Reinhart in Inferno zone.
5:01 of 2nd period - Snap shot by Max Reinhart.
5:01 of 2nd period - Shot Misses the Net.
5:13 of 2nd period - Wrist shot by Pontus Aberg.
5:13 of 2nd period - Stopped by Christopher Gibson without a rebound.
5:14 of 2nd period - Brandon Mashinter wins face-off versus Philip Varone in Inferno zone.
5:25 of 2nd period - Snap shot by Bryan Rust.
5:25 of 2nd period - Shot Misses the Net.
5:27 of 2nd period - Snap shot by Esa Lindell.
5:27 of 2nd period - Shot Blocked by Ryan Strome.
5:29 of 2nd period - Snap shot by Bryan Rust.
5:29 of 2nd period - Shot Misses the Net.
5:39 of 2nd period - Esa Lindell is hit by Nail Yakupov and loses puck.
5:50 of 2nd period - Slapshot by Nail Yakupov.
5:50 of 2nd period - Shot Misses the Net.
5:52 of 2nd period - Snap shot by Chris Mueller.
5:52 of 2nd period - Shot Misses the Net.
6:21 of 2nd period - Off-side.
6:22 of 2nd period - Max Reinhart wins face-off versus Vladimir Sobotka in neutral zone.
6:33 of 2nd period - Snap shot by Max Reinhart.
6:33 of 2nd period - Stopped by Christopher Gibson with a rebound.
6:35 of 2nd period - Backhand shot by Pontus Aberg.
6:35 of 2nd period - Goal by Pontus Aberg - Remparts : 3 - Inferno : 3.
6:36 of 2nd period - Vladimir Sobotka wins face-off versus Pontus Aberg in neutral zone.
6:43 of 2nd period - Wrist shot by Kyle Palmieri.
6:43 of 2nd period - Stopped by Tyler Plante with a rebound.
7:01 of 2nd period - Michal Jordan is hit by Victor Rask and loses puck.
8:29 of 2nd period - Icing by Mitchell Heard.
8:30 of 2nd period - Mitchell Heard wins face-off versus Philip Varone in Remparts zone.
8:49 of 2nd period - Slapshot by Justin Williams.
8:49 of 2nd period - Shot Blocked by Bryan Rust.
9:13 of 2nd period - Snap shot by Mitchell Heard.
9:13 of 2nd period - Stopped by Christopher Gibson with a rebound.
9:19 of 2nd period - Wrist shot by Mitchell Heard.
9:19 of 2nd period - Stopped by Christopher Gibson with a rebound.
9:21 of 2nd period - Snap shot by Juuso Ikonen.
9:21 of 2nd period - Shot Misses the Net.
9:23 of 2nd period - Slapshot by Mitchell Heard.
9:23 of 2nd period - Shot Misses the Net.
9:47 of 2nd period - Erik Gustafsson is hit by Matt Kassian and loses puck.
9:54 of 2nd period - Wrist shot by Justin Williams.
9:54 of 2nd period - Stopped by Christopher Gibson without a rebound.
9:55 of 2nd period - Max Reinhart wins face-off versus Vladimir Sobotka in Inferno zone.
10:39 of 2nd period - Minor Penalty to Greg Pateryn for Hooking.
10:40 of 2nd period - Vladimir Sobotka wins face-off versus Max Reinhart in Inferno zone.
11:20 of 2nd period - Matthew Nieto is hit by Max Reinhart and loses puck.
12:26 of 2nd period - Icing by Ryan Strome.
12:27 of 2nd period - Vladimir Sobotka wins face-off versus Brandon Mashinter in Remparts zone.
12:28 of 2nd period - Slapshot by Esa Lindell.
12:28 of 2nd period - Shot Blocked by Daniel Paille.
12:39 of 2nd period - Penalty to Greg Pateryn is over, Greg Pateryn is back on ice.
13:33 of 2nd period - Matthew Nieto is hit by Pontus Aberg and loses puck.
14:15 of 2nd period - Icing by Juuso Ikonen.
14:16 of 2nd period - Victor Rask wins face-off versus Justin Williams in Remparts zone.
14:35 of 2nd period - Erik Gustafsson is hit by David Savard and loses puck.
14:44 of 2nd period - Michal Jordan is hit by Christian Folin and loses puck.
14:57 of 2nd period - Snap shot by Justin Williams.
14:57 of 2nd period - Shot Misses the Net.
14:59 of 2nd period - Backhand shot by Juuso Ikonen.
14:59 of 2nd period - Stopped by Christopher Gibson with a rebound.
15:01 of 2nd period - Snap shot by Justin Williams.
15:01 of 2nd period - Stopped by Christopher Gibson with a rebound.
15:25 of 2nd period - Slapshot by Justin Williams.
15:25 of 2nd period - Shot Misses the Net.
15:27 of 2nd period - Slapshot by Erik Gustafsson.
15:27 of 2nd period - Stopped by Christopher Gibson without a rebound.
15:28 of 2nd period - Max Reinhart wins face-off versus Philip Varone in Inferno zone.
15:43 of 2nd period - Slapshot by Matt Kassian.
15:43 of 2nd period - Stopped by Tyler Plante with a rebound.
16:21 of 2nd period - Wrist shot by Christian Folin.
16:21 of 2nd period - Stopped by Tyler Plante without a rebound.
16:22 of 2nd period - Luca Sbisa wins face-off versus Chris Mueller in Remparts zone.
16:31 of 2nd period - Slapshot by Esa Lindell.
16:31 of 2nd period - Shot Misses the Net.
16:51 of 2nd period - Snap shot by Chris Mueller.
16:51 of 2nd period - Shot Blocked by Esa Lindell.
16:57 of 2nd period - Wrist shot by Nail Yakupov.
16:57 of 2nd period - Stopped by Christopher Gibson without a rebound.
16:58 of 2nd period - Max Reinhart wins face-off versus Vladimir Sobotka in Inferno zone.
17:25 of 2nd period - Niklas Hansson is hit by Bryan Rust and loses puck.
17:34 of 2nd period - Wrist shot by Brandon Mashinter.
17:34 of 2nd period - Shot Misses the Net.
17:36 of 2nd period - Slapshot by Griffin Reinhart.
17:36 of 2nd period - Shot Misses the Net.
17:56 of 2nd period - Slapshot by Erik Gustafsson.
17:56 of 2nd period - Stopped by Christopher Gibson with a rebound.
18:34 of 2nd period - Tanner Pearson is hit by Michal Jordan and loses puck.
18:55 of 2nd period - Slapshot by David Savard.
18:55 of 2nd period - Stopped by Tyler Plante without a rebound.
18:56 of 2nd period - Ryan Strome wins face-off versus Philip Varone in Remparts zone.
19:05 of 2nd period - Snap shot by Philip Varone.
19:05 of 2nd period - Shot Misses the Net.
19:07 of 2nd period - Snap shot by Matt Kassian.
19:07 of 2nd period - Goal by Matt Kassian - Remparts : 3 - Inferno : 4.
19:08 of 2nd period - Vladimir Sobotka wins face-off versus Max Reinhart in neutral zone.
19:17 of 2nd period - Wrist shot by Colby Robak.
19:17 of 2nd period - Deflect By Vladimir Sobotka.
19:17 of 2nd period - Stopped by Tyler Plante without a rebound.
19:18 of 2nd period - Max Reinhart wins face-off versus Vladimir Sobotka in Remparts zone.
19:29 of 2nd period - Snap shot by Guillaume Desbiens.
19:29 of 2nd period - Deflect By Max Reinhart.
19:29 of 2nd period - Shot Misses the Net.
19:29 of 2nd period - Puck is out of play.
19:30 of 2nd period - Vladimir Sobotka wins face-off versus Max Reinhart in Inferno zone.
19:30 of 2nd period - Vladimir Sobotka is hit by Guillaume Desbiens.
19:38 of 2nd period - Backhand shot by Guillaume Desbiens.
19:38 of 2nd period - Deflect By Max Reinhart.
19:38 of 2nd period - Stopped by Christopher Gibson with a rebound.
19:40 of 2nd period - Snap shot by Guillaume Desbiens.
19:40 of 2nd period - Shot Misses the Net.
19:41 of 2nd period - Minor Penalty to Niklas Hansson for Goalie Interference.
19:42 of 2nd period - Victor Rask wins face-off versus Max Reinhart in Remparts zone.
19:43 of 2nd period - Snap shot by Kyle Palmieri.
19:43 of 2nd period - Deflect By Tanner Pearson.
19:43 of 2nd period - Stopped by Tyler Plante with a rebound.
19:45 of 2nd period - Wrist shot by Kyle Palmieri.
19:45 of 2nd period - Goal by Kyle Palmieri - Remparts : 3 - Inferno : 5.
19:45 of 2nd period - Jason Missiaen enters game.
19:46 of 2nd period - Max Reinhart wins face-off versus Vladimir Sobotka in neutral zone.
Goals for this period are 2 for Remparts vs 2 for Inferno.
Shots for this period are 15 for Remparts vs 10 for Inferno.
3rd period
0:01 of 3rd period - Kyle Palmieri wins face-off versus Max Reinhart in neutral zone.
0:36 of 3rd period - Snap shot by Ryan Strome.
0:36 of 3rd period - Shot Misses the Net.
0:46 of 3rd period - Slapshot by Tyler Shattock.
0:46 of 3rd period - Stopped by Jason Missiaen with a rebound.
1:05 of 3rd period - Off-side.
1:06 of 3rd period - Mitchell Heard wins face-off versus Ryan Spooner in neutral zone.
1:19 of 3rd period - Snap shot by Ryan Spooner.
1:19 of 3rd period - Stopped by Jason Missiaen with a rebound.
1:34 of 3rd period - Off-side.
1:35 of 3rd period - Vladimir Sobotka wins face-off versus Max Reinhart in neutral zone.
1:44 of 3rd period - Snap shot by Guillaume Desbiens.
1:44 of 3rd period - Shot Misses the Net.
1:46 of 3rd period - Snap shot by Niklas Hansson.
1:46 of 3rd period - Shot Blocked by Esa Lindell.
1:47 of 3rd period - Minor Penalty to Niklas Hansson for Holding.
1:48 of 3rd period - Max Reinhart wins face-off versus Victor Rask in Remparts zone.
1:57 of 3rd period - Erik Gustafsson is hit by Tanner Pearson and loses puck.
3:36 of 3rd period - Michal Jordan is hit by Victor Rask.
3:47 of 3rd period - Penalty to Niklas Hansson is over, Niklas Hansson is back on ice.
3:52 of 3rd period - Wrist shot by Kyle Palmieri.
3:52 of 3rd period - Stopped by Jason Missiaen without a rebound.
3:53 of 3rd period - Philip Varone wins face-off versus Chris Mueller in Remparts zone.
5:04 of 3rd period - Wrist shot by Nail Yakupov.
5:04 of 3rd period - Shot Misses the Net.
5:25 of 3rd period - Slapshot by Colby Robak.
5:25 of 3rd period - Shot Misses the Net.
5:34 of 3rd period - Minor Penalty to David Savard for Roughing.
5:35 of 3rd period - Vladimir Sobotka wins face-off versus Guillaume Desbiens in Inferno zone.
5:45 of 3rd period - Snap shot by Guillaume Desbiens.
5:45 of 3rd period - Shot Misses the Net.
5:47 of 3rd period - Slapshot by Erik Gustafsson.
5:47 of 3rd period - Stopped by Christopher Gibson with a rebound.
6:03 of 3rd period - Wrist shot by Daniel Paille.
6:03 of 3rd period - Goal by Daniel Paille - Remparts : 4 - Inferno : 5.
6:04 of 3rd period - Max Reinhart wins face-off versus Vladimir Sobotka in neutral zone.
6:34 of 3rd period - Wrist shot by Christian Folin.
6:34 of 3rd period - Stopped by Jason Missiaen without a rebound.
6:35 of 3rd period - Philip Varone wins face-off versus Brandon Mashinter in Remparts zone.
6:44 of 3rd period - Ryan Strome is hit by Bryan Rust and loses puck.
6:58 of 3rd period - Philip Varone is hit by Brandon Mashinter and loses puck.
7:19 of 3rd period - Snap shot by Daniel Paille.
7:19 of 3rd period - Stopped by Christopher Gibson without a rebound.
7:20 of 3rd period - Max Reinhart wins face-off versus Vladimir Sobotka in Inferno zone.
7:45 of 3rd period - David Savard is hit by Juuso Ikonen and loses puck.
8:45 of 3rd period - Off-side.
8:46 of 3rd period - Philip Varone wins face-off versus Brandon Mashinter in neutral zone.
8:51 of 3rd period - Slapshot by Christian Folin.
8:51 of 3rd period - Stopped by Jason Missiaen with a rebound.
8:53 of 3rd period - Snap shot by Philip Varone.
8:53 of 3rd period - Stopped by Jason Missiaen without a rebound.
8:54 of 3rd period - Max Reinhart wins face-off versus Philip Varone in Remparts zone.
8:54 of 3rd period - Max Reinhart is hit by Matt Kassian.
9:28 of 3rd period - Snap shot by Bryan Rust.
9:28 of 3rd period - Shot Misses the Net.
9:30 of 3rd period - Slapshot by Philip Varone.
9:30 of 3rd period - Stopped by Jason Missiaen with a rebound.
9:32 of 3rd period - Slapshot by Philip Varone.
9:32 of 3rd period - Stopped by Jason Missiaen with a rebound.
9:34 of 3rd period - Slapshot by Mathieu Brodeur.
9:34 of 3rd period - Shot Misses the Net.
9:36 of 3rd period - Snap shot by Mathieu Brodeur.
9:36 of 3rd period - Stopped by Jason Missiaen with a rebound.
9:38 of 3rd period - Snap shot by Christian Folin.
9:38 of 3rd period - Shot Misses the Net.
9:42 of 3rd period - Snap shot by Matt Kassian.
9:42 of 3rd period - Shot Misses the Net.
9:44 of 3rd period - Snap shot by Philip Varone.
9:44 of 3rd period - Goal by Philip Varone - Remparts : 4 - Inferno : 6.
9:45 of 3rd period - Max Reinhart wins face-off versus Vladimir Sobotka in neutral zone.
10:10 of 3rd period - David Savard is hit by Daniel Paille and loses puck.
10:37 of 3rd period - Snap shot by Philip Varone.
10:37 of 3rd period - Shot Misses the Net.
10:39 of 3rd period - Snap shot by Philip Varone.
10:39 of 3rd period - Shot Misses the Net.
11:19 of 3rd period - Snap shot by Esa Lindell.
11:19 of 3rd period - Shot Misses the Net.
11:39 of 3rd period - Snap shot by Christian Folin.
11:39 of 3rd period - Deflect By Ryan Strome.
11:39 of 3rd period - Stopped by Jason Missiaen with a rebound.
11:41 of 3rd period - Slapshot by Christian Folin.
11:41 of 3rd period - Shot Misses the Net.
11:43 of 3rd period - Slapshot by Mathieu Brodeur.
11:43 of 3rd period - Deflect By Daniel Paille.
11:43 of 3rd period - Stopped by Jason Missiaen with a rebound.
11:49 of 3rd period - Minor Penalty to Viktor Baldayev for High sticking.
11:50 of 3rd period - Max Reinhart wins face-off versus Kyle Palmieri in Remparts zone.
12:17 of 3rd period - Guillaume Desbiens is hit by Matthew Nieto and loses puck.
12:28 of 3rd period - Snap shot by Ryan Spooner.
12:28 of 3rd period - Shot Misses the Net.
12:30 of 3rd period - Slapshot by Greg Pateryn.
12:30 of 3rd period - Deflect By Matthew Nieto.
12:30 of 3rd period - Goal by Matthew Nieto - Remparts : 4 - Inferno : 7.
12:31 of 3rd period - Tanner Pearson wins face-off versus Max Reinhart in neutral zone.
12:35 of 3rd period - Off-side.
12:36 of 3rd period - Vladimir Sobotka wins face-off versus Pontus Aberg in neutral zone.
12:40 of 3rd period - Icing by Pontus Aberg.
12:41 of 3rd period - Vladimir Sobotka wins face-off versus Max Reinhart in Remparts zone.
13:03 of 3rd period - Snap shot by Guillaume Desbiens.
13:03 of 3rd period - Stopped by Christopher Gibson without a rebound.
13:04 of 3rd period - Philip Varone wins face-off versus Ryan Strome in Inferno zone.
13:04 of 3rd period - Philip Varone is hit by Daniel Paille.
13:10 of 3rd period - Backhand shot by Christian Folin.
13:10 of 3rd period - Stopped by Jason Missiaen with a rebound.
13:12 of 3rd period - Slapshot by Mathieu Brodeur.
13:12 of 3rd period - Stopped by Jason Missiaen with a rebound.
13:14 of 3rd period - Wrist shot by Mathieu Brodeur.
13:14 of 3rd period - Shot Blocked by Brandon Mashinter.
13:16 of 3rd period - Slapshot by Bryan Rust.
13:16 of 3rd period - Stopped by Jason Missiaen without a rebound.
13:17 of 3rd period - Max Reinhart wins face-off versus Vladimir Sobotka in Remparts zone.
13:17 of 3rd period - Max Reinhart is hit by David Savard.
13:49 of 3rd period - Wrist shot by Philip Varone.
13:49 of 3rd period - Stopped by Jason Missiaen without a rebound.
13:50 of 3rd period - Philip Varone wins face-off versus Brandon Mashinter in Remparts zone.
14:49 of 3rd period - Keaton Thompson is hit by Matthew Nieto and loses puck.
15:02 of 3rd period - Oliver Bjorkstrand is hit by Keaton Thompson and loses puck.
15:16 of 3rd period - Minor Penalty to Ryan Spooner for Hooking.
15:17 of 3rd period - Vladimir Sobotka wins face-off versus Max Reinhart in Inferno zone.
15:21 of 3rd period - Wrist shot by Colby Robak.
15:21 of 3rd period - Shot Blocked by Erik Gustafsson.
15:27 of 3rd period - Wrist shot by Michal Jordan.
15:27 of 3rd period - Stopped by Christopher Gibson with a rebound.
15:47 of 3rd period - Snap shot by Matt Kassian.
15:47 of 3rd period - Deflect By Philip Varone.
15:47 of 3rd period - Goal by Philip Varone - Remparts : 4 - Inferno : 8.
15:48 of 3rd period - Vladimir Sobotka wins face-off versus Max Reinhart in neutral zone.
15:53 of 3rd period - Snap shot by Vladimir Sobotka.
15:53 of 3rd period - Stopped by Jason Missiaen with a rebound.
15:55 of 3rd period - Snap shot by Bryan Rust.
15:55 of 3rd period - Stopped by Jason Missiaen with a rebound.
15:57 of 3rd period - Slapshot by David Savard.
15:57 of 3rd period - Stopped by Jason Missiaen without a rebound.
15:58 of 3rd period - Vladimir Sobotka wins face-off versus Max Reinhart in Remparts zone.
16:11 of 3rd period - Minor Penalty to Michal Jordan for Hooking.
16:12 of 3rd period - Max Reinhart wins face-off versus Vladimir Sobotka in Remparts zone.
16:23 of 3rd period - Snap shot by Max Reinhart.
16:23 of 3rd period - Stopped by Christopher Gibson with a rebound.
16:59 of 3rd period - Snap shot by Colby Robak.
16:59 of 3rd period - Shot Blocked by Brandon Mashinter.
17:05 of 3rd period - Kyle Palmieri is hit by Ryan Strome and loses puck.
17:16 of 3rd period - Penalty to Ryan Spooner is over, Ryan Spooner is back on ice.
17:34 of 3rd period - Backhand shot by Matthew Nieto.
17:34 of 3rd period - Stopped by Jason Missiaen with a rebound.
17:36 of 3rd period - Slapshot by Colby Robak.
17:36 of 3rd period - Deflect By Matthew Nieto.
17:36 of 3rd period - Goal by Matthew Nieto - Remparts : 4 - Inferno : 9.
17:37 of 3rd period - Max Reinhart wins face-off versus Philip Varone in neutral zone.
17:52 of 3rd period - Snap shot by Guillaume Desbiens.
17:52 of 3rd period - Deflect By Max Reinhart.
17:52 of 3rd period - Shot Misses the Net.
17:52 of 3rd period - Puck is out of play.
17:53 of 3rd period - Ryan Strome wins face-off versus Vladimir Sobotka in Inferno zone.
17:53 of 3rd period - Minor Penalty to Kyle Palmieri for Interference.
17:54 of 3rd period - Max Reinhart wins face-off versus Vladimir Sobotka in Inferno zone.
17:58 of 3rd period - Minor Penalty to Vladimir Sobotka for Slashing.
17:59 of 3rd period - Max Reinhart wins face-off versus Matt Kassian in Inferno zone.
18:03 of 3rd period - Wrist shot by Pontus Aberg.
18:03 of 3rd period - Stopped by Christopher Gibson without a rebound.
18:04 of 3rd period - Max Reinhart wins face-off versus Matt Kassian in Inferno zone.
18:09 of 3rd period - Slapshot by Max Reinhart.
18:09 of 3rd period - Shot Misses the Net.
18:11 of 3rd period - Snap shot by Max Reinhart.
18:11 of 3rd period - Goal by Max Reinhart - Remparts : 5 - Inferno : 9.
18:12 of 3rd period - Max Reinhart wins face-off versus Matt Kassian in neutral zone.
18:46 of 3rd period - Ryan Strome is hit by Greg Pateryn and loses puck.
19:58 of 3rd period - Penalty to Vladimir Sobotka is over, Vladimir Sobotka is back on ice.
Goals for this period are 2 for Remparts vs 4 for Inferno.
Shots for this period are 8 for Remparts vs 23 for Inferno.
Back to the Top